 Dungeon Crawl Stone Soup version 0.27-a0-887-gcab673c142 (webtiles) character file.

Game seed: 1882089111512816662

56 mhtbhm the Skirmisher (level 3, 0/34 HPs)
             Began as a Minotaur Fighter on Apr 4, 2021.
             Was a Believer of Zin.
             Slain by a water moccasin (8 damage)
             ... on level 3 of the Dungeon.
             The game lasted 00:01:44 (1600 turns).

mhtbhm the Skirmisher (Minotaur Fighter)            Turns: 1600, Time: 00:01:45

Health: 0/34       AC:  7    Str: 21    XL:     3   Next: 69%
Magic:  2/2        EV:  7    Int:  5    God:    Zin [**....]
Gold:   89         SH:  9    Dex:  9    Spells: 2/2 levels left

rFire    . . .     SeeInvis .   a - +0 war axe
rCold    . . .     Faith    .   c - +0 kite shield
rNeg     . . .     Spirit   .   b - +0 scale mail
rPois    +         Reflect  .   (helmet restricted)
rElec    .         Harm     .   (no cloak)
rCorr    .         Rampage  .   (no gloves)
Will     .....                  (no boots)
Stlth    ..........             (no amulet)
HPRegen  0.11/turn              k - ring of flight
MPRegen  0.08/turn              m - ring of poison resistance

@: lethally poisoned (0 -> -8), flying
A: horns 2, retaliatory headbutt
a: Renounce Religion, Recite, Vitalisation, Donate Gold


You were on level 3 of the Dungeon.
You worshipped Zin.
Zin was pleased with you.
You visited 1 branch of the dungeon, and saw 3 of its levels.

You collected 98 gold pieces.
You donated 9 gold pieces to Zin.

Inventory:

Hand Weapons
 a - a +0 war axe (weapon)
Armour
 b - a +0 scale mail (worn)
 c - a +0 kite shield (worn)
Jewellery
 k - a ring of flight (left hand)
 m - a ring of poison resistance (right hand)
Wands
 n - a wand of mindburst (16)
Scrolls
 f - a scroll of enchant weapon {unknown}
 h - a scroll of vulnerability {unknown}
 i - a scroll of identify {unknown}
 l - a scroll of teleportation {unknown}
 p - a scroll of enchant armour {unknown}
 q - a scroll of amnesia {unknown}
Potions
 d - 2 potions of might
 e - a potion of brilliance {unknown}
 g - a potion of heal wounds {unknown}
 j - a potion of berserk rage {unknown}
 o - a potion of curing {unknown}


   Skills:
 + Level 4.3 Fighting
 + Level 3.1 Axes
 + Level 4.2 Armour
 + Level 0.1 Dodging
 + Level 0.3 Stealth
 + Level 4.1 Shields


You had 2 spell levels left.
You didn't know any spells.
Your spell library was empty.

Dungeon Overview and Level Annotations

Branches:
Dungeon (3/15)

Altars:
Ashenzari
Zin


Innate Abilities, Weirdness & Mutations

You have a pair of horns on your head.
You reflexively headbutt those who attack you in melee.


Message History

The bat barely misses you. The water moccasin bites you.
The water moccasin bites you!
The ball python bites you but does no damage.
You block the ball python's attack. The bat closely misses you.
You furiously retaliate!
You headbutt the bat, but do no damage.
There is a stone staircase leading down here.
You barely miss the bat. Your headbutt misses the bat.
The bat hits you but does no damage. The water moccasin bites you.
You hit the water moccasin but do no damage.
The water moccasin is heavily wounded.
You barely miss the ball python. The ball python bites you.
You block the ball python's attack. You block the water moccasin's attack.
The ball python bites you but does no damage.
You block the ball python's attack.
The water moccasin bites you but does no damage.
Aiming: Mindburst
Press: ? - help, Shift-Dir - straight line, f - water moccasin
Aim: a water moccasin (heavily wounded, chance to affect: 65%)
The water moccasin struggles to resist.
The ball python barely misses you. You furiously retaliate!
You headbutt the ball python!
You kill the ball python!
You block the water moccasin's attack.
Unknown command.
Aiming: Mindburst
Press: ? - help, Shift-Dir - straight line, f/p - water moccasin
Aim: a water moccasin (heavily wounded, chance to affect: 65%)
The water moccasin's mind is blasted!
The bat barely misses you. The water moccasin bites you.
You are poisoned.
The water moccasin poisons you!
Unknown command.
You miss the water moccasin.
The water moccasin is severely wounded.
* * * LOW HITPOINT WARNING * * *
You feel very sick. You block the bat's attack. The water moccasin bites you.
* * * LOW HITPOINT WARNING * * *
The water moccasin closely misses you. The water moccasin bites you!
You die...

#.........#
#.........#
#.........#
########..#
#..########
##.#.......
#.#.......
#S#.......
#@.b......
###.......
#.#.... .#
... # .


You could see a water moccasin and a bat.

Vanquished Creatures
  A hound skeleton (D:3)
  A worm (D:3)
  A dart slug (D:1)
  5 bats
  5 endoplasms
  2 giant cockroaches
  3 goblins
  4 hobgoblins
  3 quokkas
  2 ball pythons
  6 frilled lizards
  2 rats
35 creatures vanquished.

Notes
Turn   | Place    | Note
-------+----------+-------------------------------------------
     0 | D:1      | mhtbhm the Minotaur Fighter began the quest for the Orb.
     0 | D:1      | Reached XP level 1. HP: 19/19 MP: 0/0
   243 | D:1      | Reached XP level 2. HP: 19/27 MP: 1/1
   432 | D:1      | Found a faded altar of an unknown god.
   532 | D:1      | Became a worshipper of Zin the Law-Giver
   532 | D:1      | Reached * piety under Zin
  1159 | D:2      | Reached XP level 3. HP: 32/33 MP: 2/2
  1176 | D:2      | Reached ** piety under Zin
  1349 | D:2      | Found a broken altar of Ashenzari.
  1590 | D:3      | Noticed a water moccasin
  1600 | D:3      | Slain by a water moccasin

Illustrated notes

Levels and vault maps discovered:
D:1:      dpeg_arrival_connections, layout_basic, basic_ecumenical_altar,
          minmay_misc_feat_more_columns, palyth_stone_intersect
D:2:      layout_rooms, basic_altar
D:3:      layout_basic, lemuel_tele_altar, minmay_surrounded,
          uniq_crazy_yiuf_cottage

Skill      XL: |  1  2  3 |
---------------+----------+-----
Fighting       | 4 |  4.3
Armour         | 4 |  4.2
Shields        | 4 |  4.1
Axes           | 3 |  3.1
Dodging        | |  0.1
Stealth        | |  0.3

Action                   || total
-------------------------++-------
Melee: War axe           ||    74
       Headbutt          ||     9
Evoke: Wand              ||     2
Armor: Scale mail        ||    41
Dodge: Dodged            ||    27
Block: Kite shield       ||    43

Table legend: (Time is in decaauts)
 A = Elapsed time spent in this place.
 B = Non-inter-level travel time spent in this place.
 C = Inter-level travel time spent in this place.
 D = Time resting spent in this place.
 E = Time spent auto-exploring this place.
 F = Levels seen in this place.
 G = Mean time per level.
                   A        B        C        D        E       F      G
               +--------+--------+--------+--------+--------+-----+--------+
         Total |   1641 |   1641 |      0 |      0 |   1302 |   3 |  547.0 |
       Dungeon |   1641 |   1641 |      0 |      0 |   1302 |   3 |  547.0 |
               +--------+--------+--------+--------+--------+-----+--------+

Top non-repeatable levels by time:
     D:1: 842 daAuts
     D:2: 586 daAuts
     D:3: 212 daAuts
